Match 41871243
Unlisted

Match 41871243
End
Construct Infanterie Kompanie
Selects Terror Battlegroup
Grenadier Squad
MG 42 Machine Gun Team
Grenadier Squad
Selects Machine Gun Camouflage
MG 42 Machine Gun Team
Medical Bunker
Infanterie Officer Quarters
Construct Panzergrenadier Kompanie
Panzergrenadier Squad
Despe
L4DK | Foxhound
STALKER4732
Devochkin
0
0

Comments sign in to comment!

No comments posted yet!